 Dungeon Crawl Stone Soup version 0.27.1-4-g1640c2035a (webtiles) character file.

Game seed: 14542285205020327749

177 tizbic2 the Digger (level 5, -1/31 HPs)
             Began as a Gargoyle Earth Elementalist on Nov 16, 2021.
             Was a Priest of Fedhas.
             Slain by Sigmund (3 damage)
             ... on level 3 of the Dungeon.
             The game lasted 00:23:31 (3654 turns).

tizbic2 the Digger (Gargoyle Earth Elementalist)    Turns: 3654, Time: 00:23:32

Health: -1/31      AC: 10    Str: 13    XL:     5   Next: 57%
Magic:  8/8        EV: 10    Int: 15    God:    Fedhas [***...]
Gold:   35         SH:  0    Dex: 10    Spells: 5/9 levels left

rFire    + . .     SeeInvis .   q - +2 whip (venom)
rCold    . . .     Faith    .   (no shield)
rNeg     + . .     Spirit   .   l - +0 ring mail {rF+}
rPois    ∞         Reflect  .   (no helmet)
rElec    +         Harm     .   (no cloak)
rCorr    .         Rampage  .   (no gloves)
Will     .....                  p - +0 pair of boots
Stlth    +.........             (no amulet)
HPRegen  0.10/turn              (no ring)
MPRegen  0.11/turn              (no ring)

@: brilliant, attractive, flying
A: sickness immunity, AC +4, negative energy resistance 1, electricity
resistance, torment resistance 1, petrification resistance
a: Renounce Religion, Wall of Briars, Grow Ballistomycete


You were on level 3 of the Dungeon.
You worshipped Fedhas.
Fedhas was most pleased with you.
You visited 1 branch of the dungeon, and saw 3 of its levels.

You collected 35 gold pieces.

Inventory:

Hand Weapons
 f - a +0 spear
 j - a +0 antimagic dagger
 q - a +2 whip of venom (weapon)
Missiles
 c - 44 stones (quivered)
 g - 12 poisoned darts
Armour
 l - a +0 ring mail of fire resistance (worn)
 p - a +0 pair of boots (worn)
 r - a +0 helmet
Scrolls
 d - a scroll of identify {unknown}
 e - a scroll of amnesia {unknown}
 h - a scroll of magic mapping {unknown}
 i - a scroll of vulnerability {unknown}
 k - 3 scrolls of enchant armour {unknown}
 n - a scroll of noise {unknown}
 o - a scroll of teleportation {unknown}
Potions
 b - 2 potions of brilliance


   Skills:
 * Level 2.6 Fighting
 + Level 1.1 Armour
 + Level 2.3 Dodging
 - Level 2.1 Stealth
 - Level 0.2 Unarmed Combat
 + Level 2.5 Spellcasting
 + Level 1.5 Transmutations
 + Level 4.7 Earth Magic


You had 5 spell levels left.
You knew the following spells:

 Your Spells              Type           Power      Damage    Failure   Level
a - Sandblast             Erth           48%        2d12      6%          1
b - Stone Arrow           Conj/Erth      26%        3d8       45%         3

Your spell library contained the following spells:

 Spells                   Type           Power      Damage    Failure   Level
 Passwall                 Tmut/Erth      14%        N/A       19%         2
 Petrify                  Tmut/Erth      17%        N/A       77%         4
 Swiftness                Air            2%         N/A       80%         3
 Invisibility             Hex            1%         N/A       100%        6


Dungeon Overview and Level Annotations

Branches:
Dungeon (3/15)

Altars:
Fedhas

Shops:
D:2 (

Annotations:
D:3 1 runed translucent door, Sigmund; pkoi's ghost, amateur DjFE


Innate Abilities, Weirdness & Mutations

You are immune to sickness and miasma.
Your stone body is resilient. (AC +4)
You are immune to poison.
You resist negative energy. (rN+)
You are resistant to electric shocks. (rElec)
You are resistant to unholy torment.
You are immune to petrification.


Message History

Something tries to affect you, but you resist.
Things that are here:
a +0 dagger; a goblin skeleton
Items here: ) [ ÷÷.
Items here: ( ))))))) ÷.
You open the door.
Sigmund appears from thin air!
Reactivating autopickup.
Press: ? - help, v - describe, . - travel The floor.
Unknown command.
Okay, then.
Unknown command.
Sigmund mumbles some strange words.
Sigmund flickers and vanishes!
Deactivating autopickup; reactivate with Ctrl-A.
There is an open door here.
A magic dart appears from out of thin air!
The magic dart hits you.
You see here a +0 ring mail.
Something hits you but does no damage. Something hits you.
You miss something. You closely miss something. Something hits you.
You completely miss something. Something hits you but does no damage.
You hit something. Something hits you.
You miss something. You closely miss something. Something hits you.
You hit something. Something hits you!
* * * LOW HITPOINT WARNING * * *
It was a potion of brilliance.
You feel clever all of a sudden.
It was a potion of flight.
You feel very buoyant.
You fly up into the air.
Something hits you.
* * * LOW HITPOINT WARNING * * *
It was a potion of attraction.
You feel attractive to monsters. Something hits you.
You die...
Fedhas appreciates your contribution to the ecosystem.

#............##.##.#
#.............#.....
#.............#.##.#
...^..##.#
#.............# #.#
........#.#
###...........# #.#
..........#
##[###.......####.#
...........##
#....###...#......#
............###....#
#.#.#....###
..g..........##.@..#
#.#.#....#
.g...........##.{..#
#.#.#....#
<............###'###
#.#.#....#
.............# #.#
#.######
.............# #.#
#.# .............#
#.# #.#.# #####
.............# #.#
#.#.# .....
.............# #.#
#.#.# ####.
.............# #.#
#.#.# .....


There were no monsters in sight!

Vanquished Creatures
  An orc priest (D:3)
  Natasha (D:3)
  Robin (D:3)
  2 adders (D:2)
  An adder skeleton (D:2)
  2 dart slugs
  A worm (D:2)
  4 orcs (D:3)
  5 ball pythons
  6 bats
  12 endoplasms
  2 giant cockroaches
  15 goblins
  9 hobgoblins
  4 kobolds
  3 quokkas (D:1)
  4 frilled lizards (D:2)
  5 rats
78 creatures vanquished.

Vanquished Creatures (others)
  10 plants
10 creatures vanquished.

Grand Total: 88 creatures vanquished

Notes
Turn   | Place    | Note
-------+----------+-------------------------------------------
     0 | D:1      | tizbic2 the Gargoyle Earth Elementalist began the quest for
                  | the Orb.
     0 | D:1      | Reached XP level 1. HP: 10/10 MP: 3/3
   586 | D:1      | Reached skill level 4 in Earth Magic
   618 | D:1      | Found a faded altar of an unknown god.
   626 | D:1      | Reached XP level 2. HP: 16/16 MP: 3/5
   685 | D:1      | Became a worshipper of Fedhas Madash
   685 | D:1      | Reached * piety under Fedhas
  1404 | D:1      | Reached skill level 1 in Fighting
  1404 | D:1      | Reached XP level 3. HP: 16/20 MP: 6/6
  1702 | D:2      | Found Alookoam's Weapon Shop.
  1791 | D:2      | Reached ** piety under Fedhas
  1980 | D:2      | Reached skill level 1 in Transmutations
  1980 | D:2      | Reached XP level 4. HP: 10/26 MP: 5/7
  2300 | D:2      | Learned a level 3 spell: Stone Arrow
  3100 | D:3      | Found a runed translucent door.
  3101 | D:3      | Noticed pkoi's ghost (amateur DjFE)
  3241 | D:3      | Reached XP level 5. HP: 28/31 MP: 3/8
  3286 | D:3      | Noticed Robin
  3329 | D:3      | Reached *** piety under Fedhas
  3346 | D:3      | Killed Robin
  3461 | D:3      | Noticed Natasha
  3466 | D:3      | Killed Natasha
  3467 | D:3      | Reached skill level 1 in Armour
  3607 | D:3      | Noticed Sigmund
  3654 | D:3      | Slain by Sigmund

Illustrated notes

Levels and vault maps discovered:
D:1:      roderic_crop_circles_arrival_small, layout_loops_corners,
          serial_glass, glass_columns_a, glass_columns_c,
          hellmonk_ecumenical_altar_run_dry
D:2:      minmay_diamond_boxcup, layout_loops_corners, serial_shops,
          shop_fountains, serial_bayou, serial_bayou_shore_a,
          serial_bayou_pond_b, serial_bayou_pond_c, serial_bayou_crossing,
          minivault_26, minmay_cupped
D:3:      layout_basic, ebering_ghost_reflecting_pool, lightli_corner_chamber,
          uniq_sigmund, uniq_robin, uniq_natasha

Skill      XL: |  1  2  3  4  5 |
---------------+----------------+-----
Earth Magic    | 4 |  4.7
Fighting       | 1 2 |  2.6
Dodging        | 2 |  2.3
Transmutations | 1 |  1.5
Armour         | 1 |  1.1
Stealth        | |  2.1
Unarmed Combat | |  0.2
Spellcasting   | |  2.5

Action                   |  1- 3 |  4- 6 || total
-------------------------+-------+-------++-------
Melee: Unarmed           |    28 |       ||    28
       Whip              |    39 |    16 ||    55
       Short sword       |     9 |       ||     9
       Spear             |    61 |   107 ||   168
Throw: Stone             |     8 |     4 ||    12
 Cast: Sandblast         |    21 |    16 ||    37
       Stone Arrow       |       |     1 ||     1
  Use: Potion            |       |     3 ||     3
 Stab: Sleeping          |       |     1 ||     1
Armor: Robe              |    10 |       ||    10
       Ring mail         |    43 |    57 ||   100
Dodge: Dodged            |    87 |    56 ||   143
